 Dungeon Crawl Stone Soup version 0.26-a0-835-g8259106e14 (webtiles) character file.

Game seed: 12962904907266159430

24 Kinoniko the Cutter (level 3, -4/22 HPs)
             Began as a Kobold Gladiator on Nov 17, 2020.
             Slain by a worm (9 damage)
             ... on level 2 of the Dungeon.
             The game lasted 00:01:02 (823 turns).

Kinoniko the Cutter (Kobold Gladiator)               Turns: 823, Time: 00:01:02

Health: -4/22      AC:  7    Str: 12    XL:     3   Next: 15%
Magic:  3/3        EV: 14    Int:  9    God:
Gold:   69         SH:  0    Dex: 16    Spells: 2/2 levels left

rFire    + . .     SeeInvis .   a - +0 rapier
rCold    . . .     Faith    .   (shield restricted)
rNeg     . . .     Spirit   .   h - +1 ring mail {rF+}
rPois    .         Reflect  .   c - +0 helmet
rElec    .         Harm     .   (no cloak)
rCorr    .         Rampage  .   (no gloves)
MR       .....                  (no boots)
Stlth    ++........             (no amulet)
HPRegen  0.07/turn              (no ring)
MPRegen  0.08/turn              (no ring)

@: no status effects
A: small, nightstalker 3
a: no special abilities


You were on level 2 of the Dungeon.
You visited 1 branch of the dungeon, and saw 2 of its levels.

You collected 69 gold pieces.

Inventory:

Hand Weapons
 a - a +0 rapier (weapon)
Missiles
 d - 3 throwing nets (quivered)
Armour
 b - a +0 leather armour
 c - a +0 helmet (worn)
 f - a +0 scale mail
 h - a +1 ring mail of fire resistance (worn)
Scrolls
 e - a scroll of enchant weapon {unknown}
 i - a scroll of remove curse {unknown}
 j - 2 scrolls of identify {unknown}
 k - a scroll of noise {unknown}
Potions
 g - a potion of resistance {unknown}
 l - 2 potions of heal wounds {unknown}
 m - a potion of cancellation {unknown}
 n - a potion of curing {unknown}


   Skills:
 + Level 2.6 Fighting
 * Level 4.8 Short Blades
 - Level 2.1 Throwing
 - Level 3.6 Dodging
 + Level 1.6 Stealth


You had 2 spell levels left.
You didn't know any spells.
Your spell library was empty.

Dungeon Overview and Level Annotations

Branches:
Dungeon (2/15)

Altars:
Ashenzari


Innate Abilities, Weirdness & Mutations

You are small and have problems with some larger weapons.
You are completely attuned to the shadows.


Message History

You are too injured to fight recklessly!
You are too injured to fight recklessly!
You are too injured to fight recklessly!
You are too injured to fight recklessly!
You are too injured to fight recklessly!
You are too injured to fight recklessly!
You are too injured to fight recklessly!
You are too injured to fight recklessly!
You are too injured to fight recklessly!
You are too injured to fight recklessly!
You are too injured to fight recklessly!
You hit the worm.
The worm is severely wounded.
You barely miss the worm.
The worm is severely wounded.
The worm completely misses you.
You hit the worm.
The worm is severely wounded.
The worm bites you!
You die...

####....#
###...##
#.......
##.#.#.##
.....#.#
##.### # #.
#.# ###.###
###### #.#
#<#.(...#
#.w... #.#
#.#.....###@#
#.#
#...........#
#.#
#.....#####
#.#####.....#
#.........###
###########


You could see a worm.

Vanquished Creatures
  A dart slug (D:1)
  2 leopard geckos (D:1)
  A giant cockroach (D:2)
  3 goblins (D:1)
  2 hobgoblins (D:1)
  A kobold (D:1)
  A ball python (D:1)
  6 bats
  A frilled lizard (D:1)
  A rat (D:1)
19 creatures vanquished.

Notes
Turn   | Place    | Note
-------+----------+-------------------------------------------
     0 | D:1      | Kinoniko the Kobold Gladiator began the quest for the Orb.
     0 | D:1      | Reached XP level 1. HP: 12/12 MP: 1/1
   189 | D:1      | Reached skill level 1 in Stealth
   189 | D:1      | Reached XP level 2. HP: 17/18 MP: 2/2
   456 | D:1      | Reached XP level 3. HP: 18/22 MP: 3/3
   737 | D:2      | Found a broken altar of Ashenzari.
   823 | D:2      | Slain by a worm

Illustrated notes

Levels and vault maps discovered:
D:1:      wheals_arrival_shading, layout_rooms
D:2:      layout_loops_ring, hangedman_decor_points, kennysheep_nub,
          ashenzari_altar_1

Skill      XL: |  1 |
---------------+----+-----
Stealth        | 1 |  1.6
Fighting       | |  2.6
Short Blades   | |  4.8
Throwing       | |  2.1
Dodging        | |  3.6

Action                   || total
-------------------------++-------
Melee: Rapier            ||    65
 Stab: Sleeping          ||     1
Armor: Ring mail         ||    12
Dodge: Dodged            ||    43

Table legend: (Time is in decaauts)
 A = Elapsed time spent in this place.
 B = Non-inter-level travel time spent in this place.
 C = Inter-level travel time spent in this place.
 D = Time resting spent in this place.
 E = Time spent auto-exploring this place.
 F = Levels seen in this place.
 G = Mean time per level.
                   A        B        C        D        E       F      G
               +--------+--------+--------+--------+--------+-----+--------+
         Total |    820 |    789 |     31 |      0 |    620 |   2 |  410.0 |
       Dungeon |    820 |    789 |     31 |      0 |    620 |   2 |  410.0 |
               +--------+--------+--------+--------+--------+-----+--------+

Top non-repeatable levels by time:
     D:1: 722 daAuts
     D:2: 98 daAuts
